Map: Port Aleksander LE

Players

MaSa - Winner!

  • Race: Terran Terran
  • League: Master
  • Spawn Location: 11:00

Astrea

  • Race: Protoss Protoss
  • League: Grandmaster
  • Spawn Location: 5:00

Event: 2019 WCS Winter Americas

VOD

Have the link to the VOD?

Description

Time

  • Played on: Feb. 8, 2019, 1:43 p.m.
  • Length: 17:08

All games in this series

Show
View Real Time Build Order
Export as new Build Order

MaSa Terran - Winner!

Build Orders: Gas First Reaper Expand 

Get SALT Encoding   

  12  0:00  SCV  
  13  0:12  SCV  
  14  0:17  Supply Depot  
  14  0:24  SCV  
  15  0:28  Refinery  
  15  0:39  SCV  
  16  0:45  Barracks  
  16  0:51  SCV  
  17  1:03  SCV  
  18  1:15  SCV  
  19  1:32  Reaper, Orbital Command  
  20  1:47  Command Center  
  20  1:59  Factory  
  20  2:02  SCV  
  20  2:06  Barracks Reactor  
  21  2:11  Refinery  
  21  2:15  SCV  
  22  2:22  Supply Depot  
  22  2:27  SCV  
  23  2:43  SCV, Starport  
  24  2:47  Marine x2, Factory Tech Lab  
  25  3:00  SCV  
  25  3:05  Marine x2  
  28  3:07  Orbital Command  
  28  3:14  SCV  
  28  3:15  Factory Tech Lab  
  28  3:18  Widow Mine  
  31  3:23  Viking  
  31  3:26  SCV  
  34  3:29  Marine  
  34  3:32  SCV  
  36  3:40  Marine  
  37  3:45  SCV  
  37  3:47  Marine, Factory Tech Lab  
  39  3:52  SCV  
  39  3:54  Viking  
  42  3:59  SCV  
  41  4:04  SCV  
  41  4:09  Cyclone  
  42  4:12  SCV  
  42  4:16  SCV  
  43  4:19  Supply Depot  
  43  4:24  SCV  
  44  4:29  SCV, Barracks  
  45  4:33  Marine  
  45  4:35  Barracks  
  46  4:40  Marine  
  46  4:41  SCV  
  46  4:44  Starport Reactor  
  46  4:45  SCV  
  49  4:49  Factory Reactor  
  49  4:51  Marine, Supply Depot  
  49  4:52  Engineering Bay  
  50  4:53  SCV  
  50  4:57  SCV  
  52  5:03  Bunker  
  52  5:04  Refinery, Marine  
  52  5:05  SCV  
  54  5:12  SCV, Marine  
  54  5:13  Supply Depot  
  56  5:17  SCV  
  57  5:22  Marine  
  57  5:24  SCV  
  58  5:29  SCV  
  58  5:35  Marine  
  57  5:36  SCV  
  57  5:38  Terran Infantry Weapons Level 1  
  57  5:39  Marine, Supply Depot  
  57  5:40  Stimpack  
  57  5:41  SCV, Medivac, Widow Mine x2  
  67  5:48  SCV  
  67  5:49  Supply Depot  
  68  5:50  Marine, Refinery  
  68  5:51  Marine  
  68  5:53  SCV  
  65  6:01  SCV  
  64  6:05  SCV  
  64  6:10  Medivac, Widow Mine  
  69  6:12  Widow Mine  
  69  6:13  SCV  
  69  6:16  Marine  
  69  6:17  SCV  
  74  6:20  Marine x2  
  74  6:21  Marauder  
  74  6:25  SCV  
  79  6:29  SCV  
  80  6:33  Widow Mine  
  80  6:34  Widow Mine  
  80  6:37  SCV  
  85  6:41  Command Center  
  85  6:42  SCV  
  85  6:43  Supply Depot  
  85  6:45  Marine  
  86  6:48  Command Center  
  86  6:55  Combat Shield  
  86  7:02  Supply Depot  
  86  7:04  Medivac, Marine x4  
  86  7:05  SCV x2  
  86  7:08  Supply Depot  
  94  7:09  Supply Depot  
  92  7:17  SCV  
  92  7:20  SCV  
  94  7:23  Marauder, Marine  
  94  7:27  Marine  
  94  7:28  Marauder  
  95  7:30  SCV  
  95  7:32  SCV, Supply Depot  
  95  7:36  Medivac  
  95  7:37  Medivac  
  101  7:41  Marine  
  98  7:46  Barracks  
  98  7:47  Barracks  
  98  7:48  Widow Mine x2  
  102  7:52  Marauder, Marine x2  
  102  7:57  SCV x2  
  108  7:58  Terran Infantry Armor Level 1  
  108  8:04  Marine  
  109  8:09  SCV  
  109  8:10  SCV, Marine  
  109  8:11  Marauder  
  108  8:14  Marauder  
  106  8:22  Marine  
  106  8:24  SCV  
  105  8:28  Marine  
  105  8:29  SCV  
  105  8:32  Marauder  
  105  8:33  Widow Mine x2  
  110  8:35  Marine  
  110  8:36  SCV  
  110  8:40  Marine  
  113  8:41  SCV  
  113  8:43  Orbital Command  
  113  8:45  Marine  
  115  8:48  SCV  
  115  8:52  Barracks Tech Lab, Barracks Reactor  
  115  8:53  Marauder x2, SCV  
  115  8:54  Widow Mine  
  115  8:55  Widow Mine  
  125  8:58  Marine  
  125  9:00  SCV  
  127  9:05  SCV  
  127  9:07  Marine  
  125  9:12  SCV  
  125  9:14  Marauder, Marine  
  125  9:15  Armory  
  125  9:16  Widow Mine x2  
  133  9:18  SCV  
  133  9:20  Marine  
  133  9:21  Marauder  
  136  9:25  Marine  
  125  9:31  Marine x2  
  125  9:32  SCV, Marauder  
  125  9:35  Marine  
  125  9:36  Supply Depot x2  
  125  9:37  Widow Mine x2  
  133  9:42  Marauder, Marine  
  133  9:44  Marine  
  119  9:49  Medivac x2, Marine x2  
  124  9:54  Marauder  
  124  9:57  Marauder, Command Center, Refinery  
  124  9:58  Refinery  
  124  9:59  Supply Depot, Factory, Widow Mine  
  130  10:00  Missile Turret, Supply Depot, Marine  
  131  10:07  SCV x3  
  131  10:08  Missile Turret, Marine  
  131  10:09  Marauder, Supply Depot  
  131  10:13  Widow Mine  
  139  10:14  Terran Infantry Weapons Level 2  
  139  10:16  Engineering Bay  
  139  10:19  SCV  
  140  10:23  Marine x3  
  140  10:24  Marauder, Supply Depot, Marine  
  140  10:27  Widow Mine  
  148  10:33  Marine  
  148  10:34  Marauder  
  149  10:39  Widow Mine  
  149  10:41  Marine x3  
  149  10:42  Marauder  
  155  10:44  Terran Infantry Armor Level 2  
  155  10:45  Factory Tech Lab  
  155  10:51  Concussive Shells  
  155  10:52  Marine  
  155  10:53  Marauder, SCV  
  155  10:55  Marine  
  159  10:59  Marine x2  
  159  11:00  Marine  
  159  11:03  Marauder  
  163  11:06  Terran Vehicle And Ship Armor Level 1  
  163  11:09  Medivac  
  163  11:10  Marine  
  166  11:11  Medivac  
  166  11:13  Marauder  
  166  11:14  Marauder  
  172  11:22  Barracks  
  172  11:25  Marauder  
  174  11:28  Barracks  
  174  11:29  Barracks  
  174  11:34  Marauder  
  174  11:36  Marauder, Marine  
  174  11:37  SCV x2  
  174  11:39  Medivac  
  183  11:41  Widow Mine x2  
  186  11:48  Bunker  
  185  11:54  SCV x3, Marine  
  185  11:55  Marauder  
  185  11:58  Drilling Claws  
  185  12:00  Widow Mine  
  192  12:02  Widow Mine  
  192  12:06  SCV  
  192  12:07  Planetary Fortress  
  192  12:12  Marine x3  
  192  12:13  Marauder  
  193  12:20  Marauder, Marine  
  197  12:23  Barracks Tech Lab x2  
  197  12:24  Barracks Reactor  
  197  12:27  Refinery  
  197  12:28  Refinery  
  192  12:39  Ghost Academy  
  192  12:40  Marine x3  
  192  12:41  Marauder  
  197  12:51  Marauder, Marine x3  
  192  13:07  Marine  
  192  13:08  Marauder  
  192  13:10  Marauder, Marine  
  192  13:11  Marine  
  192  13:12  Marauder, Marine  
  194  13:18  Widow Mine x2  
  194  13:19  Marauder, Marine x3  
  192  13:23  Widow Mine  
  192  13:25  Marine  
  192  13:26  Medivac  
  189  13:28  Marine  
  189  13:29  Marauder, Marine x2  
  189  13:32  Marauder  
  189  13:33  Marauder  
  196  13:36  Terran Infantry Armor Level 3, Medivac  
  196  13:37  Marine x2  
  200  13:43  Marine x2  
  200  13:44  Marauder  
  189  14:04  Marine x2  
  189  14:05  Marauder  
  189  14:06  Marauder, Marine x3  
  189  14:08  Marauder, Marine  
  189  14:09  Marine  
  196  14:10  Marauder, Widow Mine x2  
  185  14:22  Widow Mine, Marine x2  
  185  14:24  Marine x3  
  184  14:26  Marine  
  184  14:29  Marine  
  184  14:30  Marauder x2  
  188  14:31  Marauder x2  
  188  14:32  Widow Mine  
  188  14:34  Viking x2, Widow Mine  
  179  14:40  Marine x2  
  179  14:41  Marine  
  179  14:42  Marine x2  
  179  14:44  Marine, Widow Mine  
  156  15:09  Supply Depot, Marine  
  156  15:10  Marine  
  73  16:19  Marine  
  73  16:20  Marine x2  
  73  16:21  Widow Mine  
  58  16:37  Marine  
  58  16:38  Marine x2  
  61  16:53  Supply Depot  
  61  16:54  Supply Depot  
  61  16:55  Supply Depot  
Show
View Real Time Build Order
Export as new Build Order

Astrea Protoss 

Build Orders: 1 Gate Expand, Oracle Opening 

Get SALT Encoding   

  12  0:00  Probe  
  13  0:12  Probe  
  14  0:18  Pylon  
  14  0:24  Probe  
  15  0:32  Probe  
  15  0:38  Gateway  
  15  0:40  Probe  
  16  0:47  Assimilator  
  17  0:51  Probe  
  18  1:03  Probe  
  19  1:15  Probe  
  20  1:24  Nexus  
  20  1:34  Cybernetics Core  
  20  1:37  Probe  
  21  1:44  Assimilator  
  21  1:49  Probe  
  22  1:54  Pylon  
  22  2:01  Probe  
  22  2:02  Adept  
  23  2:14  Probe  
  26  2:19  Stargate  
  26  2:26  Probe  
  26  2:29  Warp Gate  
  27  2:33  Adept  
  27  2:34  Probe x2  
  29  2:42  Probe x2  
  33  2:52  Probe x2  
  33  2:56  Oracle  
  35  3:04  Probe x2  
  40  3:11  Adept  
  42  3:16  Probe x2  
  44  3:20  Pylon  
  44  3:28  Probe  
  44  3:29  Probe  
  46  3:38  Oracle  
  46  3:40  Probe  
  46  3:41  Probe  
  51  3:48  Gateway x2  
  51  3:53  Probe  
  51  3:54  Probe  
  53  4:05  Probe  
  53  4:08  Probe  
  50  4:15  Oracle  
  52  4:17  Probe  
  52  4:20  Probe  
  53  4:26  Nexus  
  53  4:33  Probe  
  53  4:36  Assimilator, Pylon  
  53  4:38  Assimilator  
  54  4:41  Pylon  
  54  4:54  Stalker x3, Probe x2  
  54  4:59  Forge  
  62  5:03  Twilight Council  
  62  5:06  Probe x2  
  64  5:11  Protoss Ground Weapons Level 1  
  64  5:12  Pylon  
  64  5:17  Blink  
  64  5:18  Probe x2, Pylon  
  64  5:19  Stalker x2  
  68  5:29  Stalker  
  68  5:30  Probe  
  68  5:32  Probe  
  67  5:42  Probe  
  68  5:43  Probe  
  68  5:45  Probe  
  70  5:54  Probe  
  70  5:55  Probe  
  72  6:01  Probe  
  73  6:06  Probe  
  73  6:07  Probe  
  72  6:14  Gateway x2  
  72  6:17  Sentry x3, Gateway  
  78  6:18  Gateway x2  
  78  6:22  Probe  
  78  6:23  Probe  
  80  6:27  Probe  
  80  6:31  Pylon  
  81  6:34  Robotics Facility  
  81  6:36  Probe x2  
  83  6:40  Shield Battery x2  
  83  6:48  Stalker x2, Protoss Ground Armor Level 1  
  83  6:49  Stalker  
  83  6:52  Pylon  
  83  6:53  Pylon  
  89  7:03  Charge  
  89  7:10  Pylon  
  89  7:12  Stalker x3  
  89  7:13  Zealot x4  
  89  7:14  Pylon  
  103  7:28  Stalker, Probe  
  103  7:29  Probe x2  
  85  7:39  Stalker x3  
  85  7:41  Probe x3  
  85  7:43  Phoenix  
  96  7:49  Stalker  
  98  7:53  Probe x3  
  101  8:05  Probe x3  
  102  8:17  Probe x3  
  85  8:34  Probe x2  
  85  8:38  Stalker x8  
  99  8:46  Robotics Bay  
  94  8:50  Protoss Ground Weapons Level 2  
  94  8:51  Probe x2  
  94  8:52  Probe  
  97  9:07  Zealot x7  
  97  9:08  Zealot  
  114  9:21  Pylon  
  114  9:30  Probe x3  
  104  9:33  Zealot x3  
  104  9:34  Zealot x5  
  117  9:42  Probe x3  
  114  9:46  Pylon  
  114  9:48  Pylon  
  114  9:51  Probe x2  
  114  9:52  Probe  
  114  9:56  Robotics Facility  
  114  9:58  Robotics Facility  
  114  9:59  Probe  
  117  10:00  Probe x2  
  120  10:08  Probe x3  
  120  10:10  Extended Thermal Lance  
  123  10:15  Assimilator  
  123  10:16  Assimilator  
  123  10:20  Probe  
  124  10:25  Colossus  
  124  10:27  Colossus  
  124  10:29  Nexus  
  124  10:31  Pylon  
  124  10:34  Forge  
  136  10:56  Pylon  
  136  11:08  Zealot x4  
  144  11:14  Stalker x4  
  144  11:15  Protoss Ground Armor Level 2  
  152  11:19  Colossus  
  152  11:20  Pylon  
  157  11:26  Pylon  
  157  11:27  Pylon  
  157  11:31  Pylon  
  149  11:44  Pylon  
  149  11:50  Colossus  
  149  11:54  Nexus  
  153  11:57  Colossus, Pylon  
  153  12:00  Zealot x2  
  153  12:24  Zealot x3  
  153  12:25  Zealot x3  
  155  12:37  Sentry  
  145  12:54  Stalker x7  
  145  12:58  Disruptor x2  
  146  13:19  Stalker x2  
  144  13:20  Stalker x3  
  136  13:34  Warp Prism  
  138  13:43  Sentry  
  138  13:49  Sentry, Pylon  
  138  13:50  Pylon  
  138  13:51  Probe  
  138  13:55  Observer  
  80  14:58  Observer  
  67  15:34  Observer  
  14  16:43  Stalker  
Tags
 
Add a new tag
Caveats
  • Supply blocks, unpowered buildings, or Contaminate may cause inaccurate times.
  • Supply counts are checked every 10 seconds.